 Dungeon Crawl Stone Soup version 0.29-a0-39-g581ba40fa7 (webtiles) character file.

Game seed: 8227877892444503711

18 JitterGlitch the Grave Robber (level 2, -4/19 HPs)
             Began as a Demonspawn Necromancer on Feb 1, 2022.
             Slain by a gnoll (8 damage)
             ... on level 2 of the Dungeon.
             The game lasted 00:13:32 (1416 turns).

JitterGlitch the Grave Robber (DsNe)                Turns: 1416, Time: 00:13:33

Health: -4/19      AC:  2    Str:  8    XL:     2   Next: 51%
Magic:  2/5        EV: 12    Int: 16    God:
Gold:   17         SH:  0    Dex: 15    Spells: 4/5 levels left

rFire   x . .      SeeInvis +   d - +0 club
rCold   + + .      Faith    .   (no shield)
rNeg    . . .      Spirit   .   a - +0 robe
rPois   .          Reflect  .   (no helmet)
rElec   .          Harm     +   m - scarf {harm}
rCorr   .          Rampage  .   (no gloves)
Will    .....                   (no boots)
Stlth   ++........              (no amulet)
HPRegen 0.06/turn               g - ring of see invisible
MPRegen 0.18/turn               i - ring of ice

@: no status effects
A: magic regeneration, agile 1, cold resistance 1
a: no special abilities


You were on level 2 of the Dungeon.
You visited 1 branch of the dungeon, and saw 2 of its levels.

You collected 39 gold pieces.
You spent 22 gold pieces at shops.

Inventory:

Hand Weapons
 d - a +0 club (weapon)
 k - a +0 dagger
Missiles
 c - 16 arrows
Armour
 a - a +0 robe (worn)
 e - a +0 chain mail
 f - a +0 chain mail
 h - a +0 robe
 l - a +0 robe
 m - a scarf of harm (worn)
Jewellery
 g - a ring of see invisible (left hand)
 i - a ring of ice (right hand)


   Skills:
 + Level 2.0 Dodging
 + Level 2.0 Stealth
 + Level 2.1 Spellcasting
 + Level 4.9 Necromancy


You had 4 spell levels left.
You knew the following spells:

 Your Spells              Type           Power      Damage    Failure   Level
a - Pain                  Necr           68%        1d7       2%          1

Your spell library contained the following spells:

 Spells                   Type           Power      Damage    Failure   Level
 Animate Skeleton         Necr           34%        N/A       2%          1
 Vampiric Draining        Necr           17%        2d7       9%          3
 Animate Dead             Necr           8%         N/A       26%         4
 Ozocubu's Armour         Ice            2%         N/A       52%         3
 Tukima's Dance           Hex            1%         N/A       52%         3
 Anguish                  Hex/Necr       4%         N/A       58%         4
 Agony                    Necr           17%        N/A       58%         5
 Enfeeble                 Hex            0%         N/A       100%        7
 Ozocubu's Refrigeration  Ice            1%         4d5       100%        7


Dungeon Overview and Level Annotations

Branches:
Dungeon (2/15)

Altars:

Shops:
D:1 ?


Innate Abilities, Weirdness & Mutations

You regenerate magic rapidly.
You are agile. (Dex +2)
Your flesh is cold resistant. (rC+)


Message History

You climb downwards.
Found an escape hatch in the ceiling.
There is a stone staircase leading up here.
A gnoll comes into view. It is wielding a +0 halberd.
Found a chain mail.
You see here a +0 chain mail.
e - a +0 chain mail
There is an escape hatch in the ceiling here.
The gnoll shouts!
You hear a shout!
A gnoll comes into view. It is wielding a +0 flail.
You feel better.
The gnoll shouts!
You hear a shout!
Nothing quivered!
Casting: Pain (safe; 2% risk of failure)
Confirm with . or Enter, or press ? or * to list all spells.
Aiming: Pain (safe; 2% risk of failure)
Press: ? - help, Shift-Dir - straight line, f - gnoll
Aim: a gnoll, wielding a +0 halberd (chance to affect: 81%)
The gnoll writhes in agony.
Casting: Pain (safe; 2% risk of failure)
Confirm with . or Enter, or press ? or * to list all spells.
Aiming: Pain (safe; 2% risk of failure)
Press: ? - help, Shift-Dir - straight line, f/p - gnoll
Aim: a gnoll, wielding a +0 halberd (heavily wounded, chance to affect: 81%)
The gnoll writhes in agony.
The gnoll misses you.
Casting: Pain (safe; 2% risk of failure)
Confirm with . or Enter, or press ? or * to list all spells.
Aiming: Pain (safe; 2% risk of failure)
Press: ? - help, Shift-Dir - straight line, f/p - gnoll
Aim: a gnoll, wielding a +0 halberd (severely wounded, chance to affect: 81%)
The gnoll barely resists.
The gnoll hits you from afar with a +0 halberd!
Ouch! That really hurt!
* * * LOW HITPOINT WARNING * * *
It was a potion of mutation.
You feel extremely strange.
You feel resistant to cold.
You feel agile.
A gnoll comes into view. It is wielding a +0 flail.
The gnoll hits you from afar with a +0 halberd!
You die...

####
#######.g
#.....#.###
#.###.#...#
#.#.....#.#
#.#.#<#g#.#
#.#.#.#.#.#
#.#.#<@.#.#
#.#.#.###.#
#.#.#.....#
#...#######
#####


You could see 2 gnolls.

Vanquished Creatures
  A dart slug (D:1)
  4 endoplasms (D:1)
  A giant cockroach (D:1)
  2 goblins (D:1)
  A hobgoblin (D:1)
  A quokka (D:1)
  A frilled lizard (D:1)
  4 rats (D:1)
15 creatures vanquished.

Notes
Turn   | Place    | Note
-------+----------+-------------------------------------------
     0 | D:1      | JitterGlitch the Demonspawn Necromancer began the quest for
                  | the Orb.
     0 | D:1      | Reached XP level 1. HP: 13/13 MP: 3/3
   457 | D:1      | Gained mutation: You regenerate magic rapidly. [demonic
                  | ancestry]
   457 | D:1      | Reached XP level 2. HP: 15/19 MP: 5/5
  1281 | D:1      | Found Cayceryu's Magic Scroll Shoppe.
  1295 | D:1      | Bought a scroll of identify for 22 gold pieces
  1416 | D:2      | Gained mutation: Your flesh is cold resistant. (rC+)
                  | [potion of mutation]
  1416 | D:2      | Gained mutation: You are agile. (Dex +2) [potion of
                  | mutation]
  1416 | D:2      | Slain by a gnoll

Illustrated notes

Levels and vault maps discovered:
D:1:      dpeg_arrival_prison, layout_basic, serial_shops,
          nicolae_lakefront_shop
D:2:      layout_basic, shapermc_ecumenical_altar_flowoftime

Skill      XL: |  1  2 |
---------------+-------+-----
Dodging        | 2 |  2.0
Stealth        | 2 |  2.0
Spellcasting   | |  2.1
Necromancy     | |  4.9

Action                   || total
-------------------------++-------
Melee: Unarmed           ||    10
       Club              ||    15
 Cast: Pain              ||    24
  Use: Scroll            ||     2
       Potion            ||     2
Armor: Chain mail        ||     7
       Robe              ||     2
Dodge: Dodged            ||    11

Table legend: (Time is in decaauts)
 A = Elapsed time spent in this place.
 B = Non-inter-level travel time spent in this place.
 C = Inter-level travel time spent in this place.
 D = Time resting spent in this place.
 E = Time spent auto-exploring this place.
 F = Levels seen in this place.
 G = Mean time per level.
                   A        B        C        D        E       F      G
               +--------+--------+--------+--------+--------+-----+--------+
         Total |   1418 |    650 |    768 |    475 |      0 |   2 |  709.0 |
       Dungeon |   1418 |    650 |    768 |    475 |      0 |   2 |  709.0 |
               +--------+--------+--------+--------+--------+-----+--------+

Top non-repeatable levels by time:
     D:1: 1373 daAuts
     D:2: 45 daAuts
